 Dungeon Crawl Stone Soup version 0.29.1-2-gbd0b4ee654 (webtiles) character file.

Game seed: 10211400238928280138

79 styxcanada the Sneak (level 4, -1/23 HPs)
             Began as a Spriggan Brigand on Nov 9, 2022.
             Killed by nerve-wracking pain
             ... invoked by an orc priest
              (8 damage)
             ... on level 3 of the Dungeon.
             The game lasted 00:05:52 (1689 turns).

styxcanada the Sneak (Spriggan Brigand)             Turns: 1689, Time: 00:05:53

Health: -1/23      AC:  4    Str:  7    XL:     4   Next: 16%
Magic:  5/5        EV: 18    Int: 12    God:
Gold:   134        SH:  0    Dex: 24    Spells: 3/3 levels left

rFire   . . .      SeeInvis +   k - +0 short sword (venom)
rCold   . . .      Faith    .   (no shield)
rNeg    . . .      Spirit   .   b - +1 robe
rPois   .          Reflect  .   (helmet restricted)
rElec   .          Harm     .   c - +0 cloak
rCorr   .          Rampage  .   (gloves unavailable)
Will    .....                   (boots unavailable)
Stlth   ++++......              (no amulet)
HPRegen 0.07/turn               m - +6 ring of dexterity
MPRegen 0.09/turn               (no ring)

@: very quick
A: very small, no large weapons, unfitting armour, see invisible, speed 3
a: no special abilities


You were on level 3 of the Dungeon.
You visited 1 branch of the dungeon, and saw 3 of its levels.

You collected 134 gold pieces.

Inventory:

Hand Weapons
 a - a +2 dagger
 k - a +0 short sword of venom (weapon)
 o - a +3 dagger
 q - a +1 short sword of speed
Missiles
 d - 9 poisoned darts (quivered)
 e - 3 curare-tipped darts
 h - 22 stones
Armour
 b - a +1 robe (worn)
 c - a +0 cloak (worn)
Jewellery
 m - a +6 ring of dexterity (left hand)
 n - an amulet of guardian spirit
Wands
 u - a wand of polymorph (11)
Potions
 f - a potion of cancellation {unknown}
 g - a potion of flight
 i - a potion of lignification {unknown}
 j - a potion of brilliance {unknown}
 l - a potion of attraction {unknown}
 p - a potion of magic {unknown}
 s - 3 potions of curing {unknown}
 t - 2 potions of degeneration {unknown}
 v - a potion of invisibility {unknown}


   Skills:
 * Level 1.8 Fighting
 + Level 2.7 Short Blades
 + Level 2.1 Throwing
 * Level 2.4 Dodging
 * Level 7.6 Stealth


You had 3 spell levels left.
You didn't know any spells.
Your spell library contained the following spells:

 Spells                   Type           Power      Damage    Failure   Level
 Gell's Gravitas          Tloc           0%         N/A       69%         3
 Teleport Other           Tloc           0%         N/A       69%         3
 Dispersal                Tloc           0%         N/A       100%        6


Dungeon Overview and Level Annotations

Branches:
Dungeon (3/15)

Altars:


Innate Abilities, Weirdness & Mutations

You are very small and have problems with some larger weapons.
You are too small for most types of armour.
You have supernaturally acute eyesight. (SInv)
You cover ground extremely quickly. (Speed+++)


Message History

You hit the rat.
The rat is poisoned.
The rat is moderately wounded.
You kill the rat!
A bat comes into view.
You hit the orc but do no damage.
The orc is poisoned.
You hit the orc but do no damage.
The orc looks as sick as possible!
The orc closely misses you. The bat misses you.
You completely miss the orc.
The orc is lightly wounded.
The bat misses you. The orc hits you with a +0 dagger.
You hit the orc but do no damage.
The orc is poisoned.
The bat misses you. The bat hits you but does no damage.
The orc priest calls upon Beogh to heal the orc.
The orc is healed somewhat.
The orc closely misses you.
You barely miss the orc.
The orc is lightly wounded.
The bat closely misses you. The orc closely misses you.
The orc priest looks satisfied for a moment.
The orc hits you but does no damage.
You hit the orc.
You kill the orc!
The bat closely misses you. The orc misses you.
A dart slug comes into view.
A rat comes into view.
The orc closely misses you. The bat barely misses you.
The orc priest calls down the wrath of Beogh upon you.
Pain shoots through your body!
You closely miss the orc priest. The bat misses you. x2
The orc hits you with a +0 war axe! The orc priest hits you with a +0 mace.
You hit the orc priest.
The orc priest is poisoned.
The orc priest is moderately wounded.
The bat closely misses you. The orc barely misses you.
The orc priest closely misses you.
You hit the orc priest.
The orc priest looks as sick as possible!
The orc priest is severely wounded.
The orc looks more healthy.
The bat completely misses you. The orc misses you.
The orc priest invokes the aid of Beogh against you.
Pain shoots through your body!
You die...

####.#### #. .. #.
#.......# #. #.. #.
#.#####.# #< ..# #.
####.# #.####.
...#.###....# #......
. #.#.#...##.#
#.#####
#..#..........# #.#
.......o....#.......#
###.#..@o..###..####
# #..wb.......#
####r.......#
#.#####.## #.# # #.#
.. .#


You could see an orc priest (extremely poisoned), a dart slug, an orc, a bat and
a rat.

Vanquished Creatures
  3 adders (D:2)
  A worm (D:2)
  An orc (D:3)
  2 bats (D:2)
  3 endoplasms
  2 giant cockroaches (D:1)
  3 goblins (D:1)
  5 hobgoblins
  8 jackals
  A quokka (D:1)
  2 ball pythons (D:1)
  5 kobolds
  8 rats
44 creatures vanquished.

Notes
Turn   | Place    | Note
-------+----------+-------------------------------------------
     0 | D:1      | styxcanada the Spriggan Brigand began the quest for the
                  | Orb.
     0 | D:1      | Reached XP level 1. HP: 10/10 MP: 2/2
    73 | D:1      | Reached skill level 6 in Stealth
   184 | D:1      | Reached XP level 2. HP: 14/14 MP: 3/3
   584 | D:1      | Found a faded altar of an unknown god.
   957 | D:2      | Reached skill level 7 in Stealth
   957 | D:2      | Reached XP level 3. HP: 18/18 MP: 4/4
  1363 | D:2      | Reached XP level 4. HP: 23/23 MP: 5/5
  1689 | D:3      | Killed from afar by an orc priest

Illustrated notes

Levels and vault maps discovered:
D:1:      matt_arrival_spirals, layout_basic, ebering_ecumenical_altar_box
D:2:      layout_loops_ring, grunt_decor_mini_mirrors
D:3:      layout_loops_ring, serial_shops, nicolae_shop_bloodbath_and_beyond,
          uniq_grinder

Skill      XL: |  1  2 |
---------------+-------+-----
Stealth        | 6 7 |  7.6
Dodging        | 2 |  2.4
Fighting       | |  1.8
Short Blades   | |  2.7
Throwing       | |  2.1

Action                   |  1- 3 |  4- 6 || total
-------------------------+-------+-------++-------
Melee: Dagger            |    12 |       ||    12
       Short sword       |    61 |    16 ||    77
Throw: Dart              |     1 |       ||     1
  Use: Scroll            |     3 |     1 ||     4
 Stab: Sleeping          |    15 |     4 ||    19
Armor: Robe              |     9 |     3 ||    12
Dodge: Dodged            |    53 |    19 ||    72
